TOP OF THE 1ST |
Charleston Battery batting - Pitching for D.C. Divided : LHP Hank Lynn
|
Pitching: LHP Hank Lynn
|
|
Batting: LHB Chun-yeong Pyon
|
0-0: Called Strike 0-1: Ball 1-1: Foul Ball, location: 2F 1-2: Foul Ball, location: 2F 1-2: Ball 2-2: DOUBLE (Line Drive, 8RXD, EV 106.9 MPH)
|
Batting: RHB Charlie Cummings
|
0-0: Ground out 5-3 (Groundball, 56S, EV 61.9 MPH) Chun-yeong Pyon to third
|
Batting: LHB Stu Hamilton
|
0-0: Ball 1-0: Called Strike 1-1: Foul Ball, location: 2F 1-2: Fly out, F8 (Flyball, 8LS, EV 75.0 MPH)
|
Batting: RHB Nando van der Goor
|
0-0: Fly out, F9 (Flyball, 89S, EV 81.9 MPH)
|
Top of the 1st over - 0 runs, 1 hit, 0 errors, 1 left on base; Charleston 0 - D.C. 0 |
BOTTOM OF THE 1ST |
D.C. Divided batting - Pitching for Charleston Battery : RHP Iván Contreras
|
Pitching: RHP Iván Contreras
|
|
Batting: LHB Ron Pollard
|
0-0: Ball 1-0: Foul Ball, location: 2F 1-1: Ball 2-1: Ball 3-1: Swinging Strike 3-2: Base on Balls
|
Batting: LHB Dennis Moore
|
0-0: Ball 1-0: Ball 2-0: Ball 3-0: Base on Balls Ron Pollard to second
|
Batting: RHB Kuniyoshi Kodo
|
0-0: Called Strike 0-1: Foul Ball, location: 2F 0-2: Strikes out swinging
|
Batting: LHB Enrique Emperador
|
0-0: Ball 1-0: Foul Ball, location: 2F 1-1: Called Strike 1-2: Grounds out, U3 (Groundball, 3L, EV 90.6 MPH) Ron Pollard to third
|
Batting: SHB Shi-ping Le
|
0-0: Ball 1-0: Ball 2-0: Foul Ball, location: 2F 2-1: Ball 3-1: Called Strike 3-2: Foul Ball, location: 2F 3-2: Ground out 6-3 (Groundball, P, EV 87.5 MPH)
|
Bottom of the 1st over - 0 runs, 0 hits, 0 errors, 2 left on base; Charleston 0 - D.C. 0 |
TOP OF THE 2ND |
Charleston Battery batting - Pitching for D.C. Divided : LHP Hank Lynn
|
Batting: RHB Frank Tatum
|
0-0: Ball 1-0: Reached on error, E1 (Groundball, 25, EV 65.6 MPH)
|
Batting: RHB Uoti Vaijärvi
|
0-0: Swinging Strike 0-1: SINGLE (Line Drive, 8LS, EV 93.8 MPH) Frank Tatum to third
|
Batting: RHB António Etxebarria
|
0-0: Ball 1-0: Called Strike 1-1: Fly out, F7 (Line Drive, 7D, EV 96.2 MPH) Runner from 3rd tags up, SCORES, no throw by LF
|
Batting: LHB Scott Daniel
|
0-0: Called Strike 0-1: Ball 1-1: Fielders Choice at 2nd, 3-6 (Groundball, 34S, EV 92.5 MPH)
|
Batting: SHB Orlando Sáenz
|
0-0: Called Strike 0-1: Ball Scott Daniel is caught stealing 2nd base 2-4
|
Top of the 2nd over - 1 run, 1 hit, 1 error, 0 left on base; Charleston 1 - D.C. 0 |
BOTTOM OF THE 2ND |
D.C. Divided batting - Pitching for Charleston Battery : RHP Iván Contreras
|
Batting: LHB Trent Brown
|
0-0: DOUBLE (Flyball, 8LXD, EV 113.1 MPH)
|
Batting: LHB Cho-yun Yip
|
0-0: Ball 1-0: Foul Ball, location: 2F 1-1: Ball Passed Ball! Trent Brown to third 2-1: Called Strike 2-2: Ball 3-2: Foul Ball, location: 2F 3-2: Ground out 6-3 (Groundball, 6M, EV 106.9 MPH) Trent Brown scores
|
Batting: RHB Layton Arntsen
|
0-0: Called Strike 0-1: Ball 1-1: Ball 2-1: Fly out, F8 (Line Drive, 8LM, EV 91.9 MPH)
|
Batting: RHB Calvin Myrick
|
0-0: Ball 1-0: Ball 2-0: Foul Ball, location: 2F 2-1: Ground out 3-1 (Groundball, 13, EV 91.9 MPH)
|
Bottom of the 2nd over - 1 run, 1 hit, 0 errors, 0 left on base; Charleston 1 - D.C. 1 |
TOP OF THE 3RD |
Charleston Battery batting - Pitching for D.C. Divided : LHP Hank Lynn
|
Batting: SHB Orlando Sáenz
|
0-0: Foul Ball, location: 2F 0-1: Ground out U3 (Groundball, 13, EV 81.9 MPH)
|
Batting: LHB Chun-yeong Pyon
|
0-0: SINGLE (Line Drive, 6MD, EV 108.1 MPH)
|
Batting: RHB Charlie Cummings
|
0-0: Called Strike 0-1: Called Strike 0-2: Foul Ball, location: 2F 0-2: Fly out, F8 (Flyball, 89XD, EV 105.6 MPH)
|
Batting: LHB Stu Hamilton
|
0-0: Ball 1-0: Ball 2-0: Called Strike 2-1: Ball 3-1: Base on Balls Chun-yeong Pyon to second
|
Batting: RHB Nando van der Goor
|
0-0: Fly out, F8 (Flyball, 78M, EV 78.1 MPH)
|
Top of the 3rd over - 0 runs, 1 hit, 0 errors, 2 left on base; Charleston 1 - D.C. 1 |
BOTTOM OF THE 3RD |
D.C. Divided batting - Pitching for Charleston Battery : RHP Iván Contreras
|
Batting: LHB Ron Pollard
|
0-0: Ball 1-0: Called Strike 1-1: Swinging Strike 1-2: Ball 2-2: Strikes out swinging, 2-3 out at first.
|
Batting: LHB Dennis Moore
|
0-0: Called Strike 0-1: Swinging Strike 0-2: Ball 1-2: Ball 2-2: Strikes out swinging
|
Batting: RHB Kuniyoshi Kodo
|
0-0: Called Strike 0-1: Ball 1-1: Ground out U3 (Groundball, 34, EV 80.6 MPH)
|
Bottom of the 3rd over - 0 runs, 0 hits, 0 errors, 0 left on base; Charleston 1 - D.C. 1 |
TOP OF THE 4TH |
Charleston Battery batting - Pitching for D.C. Divided : LHP Hank Lynn
|
Batting: RHB Frank Tatum
|
0-0: Ball 1-0: Ball 2-0: Ground out 6-3 (Groundball, 6, EV 109.4 MPH)
|
Batting: RHB Uoti Vaijärvi
|
0-0: Swinging Strike 0-1: Foul Ball, location: 2F 0-2: Ball 1-2: Ball 2-2: Ball 3-2: Base on Balls
|
Batting: RHB António Etxebarria
|
0-0: Fly out, F4 (Flyball, 34D, EV 88.1 MPH)
|
Batting: LHB Scott Daniel
|
0-0: Swinging Strike 0-1: Ball 1-1: Swinging Strike 1-2: Ball 2-2: Strikes out swinging
|
Top of the 4th over - 0 runs, 0 hits, 0 errors, 1 left on base; Charleston 1 - D.C. 1 |
BOTTOM OF THE 4TH |
D.C. Divided batting - Pitching for Charleston Battery : RHP Iván Contreras
|
Batting: LHB Enrique Emperador
|
0-0: Swinging Strike 0-1: Ground out 5-3 (Groundball, 56S, EV 66.9 MPH)
|
Batting: SHB Shi-ping Le
|
0-0: Called Strike 0-1: Ball 1-1: DOUBLE (Line Drive, 7LD, EV 98.1 MPH)
|
Batting: LHB Trent Brown
|
0-0: Called Strike 0-1: Ball 1-1: Ball 2-1: Called Strike 2-2: Strikes out looking
|
Batting: LHB Cho-yun Yip
|
0-0: Called Strike 0-1: Foul Ball, location: 2F 0-2: Strikes out swinging
|
Bottom of the 4th over - 0 runs, 1 hit, 0 errors, 1 left on base; Charleston 1 - D.C. 1 |
TOP OF THE 5TH |
Charleston Battery batting - Pitching for D.C. Divided : LHP Hank Lynn
|
Batting: SHB Orlando Sáenz
|
0-0: Ball 1-0: Ball 2-0: Ball 3-0: Foul Ball, location: 2F 3-1: Called Strike 3-2: Ground out 3-1 (Groundball, 34S, EV 71.2 MPH)
|
Batting: LHB Chun-yeong Pyon
|
0-0: Swinging Strike 0-1: Foul Ball, location: 2F 0-2: Ball 1-2: Foul Ball, location: 2F 1-2: Ground out 6-3 (Groundball, 6, EV 100.6 MPH)
|
Batting: RHB Charlie Cummings
|
0-0: Called Strike 0-1: DOUBLE (Line Drive, 89XD, EV 107.5 MPH)
|
Batting: LHB Stu Hamilton
|
0-0: Ball 1-0: Ball 2-0: Foul Ball, location: 2F 2-1: Foul Ball, location: 2F 2-2: SINGLE (Flyball, 4MD, EV 91.2 MPH) Charlie Cummings to third Runner from 3rd tries for Home, SAFE, throw by CF to home
|
Batting: RHB Nando van der Goor
|
0-0: Called Strike 0-1: Foul Ball, location: 2F 0-2: Ball 1-2: Ball 2-2: Strikes out swinging
|
Top of the 5th over - 1 run, 2 hits, 0 errors, 1 left on base; Charleston 2 - D.C. 1 |
BOTTOM OF THE 5TH |
D.C. Divided batting - Pitching for Charleston Battery : RHP Iván Contreras
|
Batting: RHB Layton Arntsen
|
0-0: Ball 1-0: Ball 2-0: Ball 3-0: Foul Ball, location: 2F 3-1: Base on Balls
|
Batting: RHB Calvin Myrick
|
0-0: Ball Passed Ball! Layton Arntsen to second 1-0: Swinging Strike 1-1: Ball 2-1: Ball 3-1: Foul Ball, location: 2F 3-2: Strikes out swinging
|
Batting: LHB Ron Pollard
|
0-0: Called Strike 0-1: Foul Ball, location: 2F 0-2: DOUBLE (Flyball, 89D, EV 108.1 MPH) Layton Arntsen scores
|
Batting: LHB Dennis Moore
|
0-0: Called Strike 0-1: Ball 1-1: Ball 2-1: Swinging Strike 2-2: Foul Ball, location: 2F 2-2: Ball 3-2: Ground out 4-3 (Groundball, 4, EV 103.8 MPH) Ron Pollard to third
|
Batting: RHB Kuniyoshi Kodo
|
0-0: Foul Ball, location: 2F 0-1: Ball 1-1: Fly out, F8 (Flyball, 8LD, EV 100.6 MPH)
|
Bottom of the 5th over - 1 run, 1 hit, 0 errors, 1 left on base; Charleston 2 - D.C. 2 |
TOP OF THE 6TH |
Charleston Battery batting - Pitching for D.C. Divided : LHP Hank Lynn
|
Pitching: RHP Marvello Manalo
|
|
Batting: RHB Frank Tatum
|
0-0: Ball 1-0: Called Strike 1-1: Ball 2-1: Fly out, F8 (Flyball, 78D, EV 103.8 MPH)
|
Batting: RHB Uoti Vaijärvi
|
0-0: Ball 1-0: Foul Ball, location: 2F 1-1: Swinging Strike 1-2: Strikes out swinging
|
Batting: RHB António Etxebarria
|
0-0: Swinging Strike 0-1: Ball 1-1: Ball 2-1: Ball 3-1: Fly out, F8 (Flyball, 8LD, EV 104.4 MPH)
|
Top of the 6th over - 0 runs, 0 hits, 0 errors, 0 left on base; Charleston 2 - D.C. 2 |
BOTTOM OF THE 6TH |
D.C. Divided batting - Pitching for Charleston Battery : RHP Iván Contreras
|
Pitching: RHP Buzzy Grossman
|
|
Batting: LHB Enrique Emperador
|
0-0: Ground out 3-1 (Groundball, 13, EV 91.9 MPH)
|
Batting: SHB Shi-ping Le
|
0-0: Called Strike 0-1: Ball 1-1: Foul Ball, location: 2F 1-2: Strikes out looking
|
Batting: LHB Trent Brown
|
0-0: Ball 1-0: Ball 2-0: Ball 3-0: Called Strike 3-1: Foul Ball, location: 2F 3-2: Base on Balls
|
Batting: LHB Cho-yun Yip
|
0-0: Called Strike 0-1: Ball 1-1: Foul Ball, location: 2F 1-2: Ball 2-2: SINGLE (Groundball, 4MD, EV 100.6 MPH) Trent Brown to second Runner from 2nd tries for 3rd, SAFE, throw by CF made to third
|
Batting: RHB Layton Arntsen
|
0-0: Ball 1-0: Foul Ball, location: 2F 1-1: Called Strike 1-2: Ball 2-2: SINGLE (Groundball, 34S, EV 97.5 MPH) Trent Brown scores Cho-yun Yip to second Runner from 2nd tries for 3rd, SAFE, throw by RF made to third
|
Batting: RHB Calvin Myrick
|
0-0: Ground out 6-3 (Groundball, 6S, EV 71.2 MPH)
|
Bottom of the 6th over - 1 run, 2 hits, 0 errors, 2 left on base; Charleston 2 - D.C. 3 |
TOP OF THE 7TH |
Charleston Battery batting - Pitching for D.C. Divided : RHP Marvello Manalo
|
Batting: LHB Scott Daniel
|
0-0: Foul Ball, location: 2F 0-1: Swinging Strike 0-2: Strikes out looking
|
Batting: SHB Orlando Sáenz
|
0-0: Foul Ball, location: 2F 0-1: Ball 1-1: Called Strike 1-2: Foul Ball, location: 2F 1-2: Ball 2-2: Strikes out looking
|
Batting: LHB Chun-yeong Pyon
|
0-0: Ground out 6-3 (Groundball, 6, EV 103.8 MPH)
|
Top of the 7th over - 0 runs, 0 hits, 0 errors, 0 left on base; Charleston 2 - D.C. 3 |
BOTTOM OF THE 7TH |
D.C. Divided batting - Pitching for Charleston Battery : RHP Buzzy Grossman
|
Batting: LHB Ron Pollard
|
0-0: Ball 1-0: Called Strike 1-1: Foul Ball, location: 2F 1-2: Ball 2-2: Ball 3-2: Fly out, F8 (Flyball, 8RS, EV 94.4 MPH)
|
Batting: LHB Dennis Moore
|
0-0: Ball 1-0: Foul Ball, location: 2F 1-1: Ball 2-1: Foul Ball, location: 2F 2-2: Ground out 4-3 (Groundball, 34D, EV 81.9 MPH)
|
Batting: RHB Kuniyoshi Kodo
|
0-0: Called Strike 0-1: Ball 1-1: Ball 2-1: Fly out, F9 (Flyball, 9LD, EV 77.5 MPH)
|
Bottom of the 7th over - 0 runs, 0 hits, 0 errors, 0 left on base; Charleston 2 - D.C. 3 |
TOP OF THE 8TH |
Charleston Battery batting - Pitching for D.C. Divided : RHP Marvello Manalo
|
Batting: RHB Charlie Cummings
|
0-0: Called Strike 0-1: Ball 1-1: Swinging Strike 1-2: Strikes out swinging
|
Batting: LHB Stu Hamilton
|
0-0: Called Strike 0-1: Ball 1-1: Ball 2-1: Called Strike 2-2: Ball 3-2: Strikes out swinging
|
Pinch Hitting: LHB Esteban Burr
|
0-0: Called Strike 0-1: Ball 1-1: Ball 2-1: Swinging Strike 2-2: Strikes out swinging
|
Top of the 8th over - 0 runs, 0 hits, 0 errors, 0 left on base; Charleston 2 - D.C. 3 |
BOTTOM OF THE 8TH |
D.C. Divided batting - Pitching for Charleston Battery : RHP Buzzy Grossman
|
Now at 3B: Gabriel Luzuriaga
|
|
Batting: LHB Enrique Emperador
|
0-0: Called Strike 0-1: Foul Ball, location: 2F 0-2: Ball 1-2: SINGLE (Line Drive, 34D, EV 96.9 MPH)
|
Batting: SHB Shi-ping Le
|
0-0: Foul Ball, location: 2F 0-1: Ball 1-1: Foul Ball, location: 2F 1-2: Foul Ball, location: 2F 1-2: Strikes out swinging
|
Pitching: LHP Batu Khan
|
|
Batting: LHB Trent Brown
|
0-0: Called Strike 0-1: Swinging Strike 0-2: Ball 1-2: Strikes out looking
|
Batting: LHB Cho-yun Yip
|
0-0: Ball 1-0: Called Strike 1-1: Swinging Strike 1-2: Ball 2-2: Fly out, F8 (Flyball, 8RS, EV 93.1 MPH)
|
Bottom of the 8th over - 0 runs, 1 hit, 0 errors, 1 left on base; Charleston 2 - D.C. 3 |
TOP OF THE 9TH |
Charleston Battery batting - Pitching for D.C. Divided : RHP Marvello Manalo
|
Pitching: LHP David Guzmán
|
|
Batting: RHB Frank Tatum
|
0-0: Ball 1-0: Called Strike 1-1: Called Strike 1-2: Ground out 6-3 (Groundball, 6D, EV 85.0 MPH)
|
Batting: RHB Uoti Vaijärvi
|
0-0: Called Strike 0-1: Foul Ball, location: 2F 0-2: Strikes out swinging
|
Batting: RHB António Etxebarria
|
0-0: Called Strike 0-1: Fly out, F7 (Flyball, 78D, EV 99.4 MPH)
|
Top of the 9th over - 0 runs, 0 hits, 0 errors, 0 left on base; Charleston 2 - D.C. 3 |
|